 Dungeon Crawl Stone Soup version 0.28.0-53-g5a82cb258f (webtiles) character file.

Game seed: 5315214012898434915

27275 Lutefisk the Summoner (level 13, -1/108 HPs)
             Began as a Barachi Summoner on Aug 4, 2022.
             Was a Priest of Sif Muna.
             Slain by a catoblepas (25 damage)
             ... on level 6 of the Lair of Beasts.
             The game lasted 01:07:40 (7836 turns).

Lutefisk the Summoner (Barachi Summoner)            Turns: 7836, Time: 01:07:41

Health: -1/108     AC:  6    Str: 12    XL:     13   Next: 31%
Magic:  2/25       EV: 16    Int: 23    God:    Sif Muna [***...]
Gold:   643        SH:  0    Dex: 14    Spells: 13/28 levels left

rFire   + . .      SeeInvis .   r - +10 mace of Irritation {flame, rElec Int+6}
rCold   . . .      Faith    .   (no shield)
rNeg    . . .      Spirit   .   J - +1 robe {rF+}
rPois   .          Reflect  .   (no helmet)
rElec   +          Harm     .   q - +0 cloak
rCorr   .          Rampage  .   (no gloves)
Will    .....                   c - +0 pair of boots
Stlth   ++........              G - amulet of the acrobat
HPRegen 0.28/turn               (no ring)
MPRegen 0.19/turn               (no ring)

@: unable to hop, slow
A: amphibious, slowness 1, strong legs 2, +LOS
a: Hop, Renounce Religion, Channel Magic, Forget Spell


You were on level 6 of the Lair of Beasts.
You worshipped Sif Muna.
Sif Muna was most pleased with you.
You visited 3 branches of the dungeon, and saw 15 of its levels.
You also visited: Volcano.

You collected 643 gold pieces.

Inventory:

Hand Weapons
 i - a +2 hunting sling of flaming
 r - the +10 mace of Irritation (weapon) {flame, rElec Int+6}
   (You found it on level 3 of the Dungeon)

   It burns those it strikes, dealing additional fire damage.
   Int:       It affects your intelligence (+6).
   rElec:     It insulates you from electricity.
 D - a +2 short sword of holy wrath
 K - a +2 quarterstaff of flaming
 L - a +1 fustibalus of flaming
Missiles
 j - 292 stones
 k - 82 sling bullets
 w - 38 poisoned darts (quivered)
 I - a throwing net
Armour
 c - a +0 pair of boots (worn)
 g - a +0 kite shield
 q - a +0 cloak (worn)
 F - a +1 chain mail of fire resistance
 J - a +1 robe of fire resistance (worn)
 M - a +1 plate armour of fire resistance
 N - +0 steam dragon scales
Magical Staves
 E - a staff of poison
Jewellery
 y - an amulet of reflection
 G - an amulet of the acrobat (around neck)
 O - an amulet of guardian spirit
Wands
 a - a wand of acid (3)
 n - a wand of flame (11)
 x - a wand of charming (1)
 B - a wand of polymorph (12)
Scrolls
 b - 2 scrolls of blinking
 d - 3 scrolls of teleportation
 l - a scroll of fear
 m - a scroll of enchant armour
 o - a scroll of immolation
 v - 2 scrolls of amnesia {unknown}
 A - 5 scrolls of enchant weapon
Potions
 e - 3 potions of magic {unknown}
 f - a potion of resistance {unknown}
 h - 3 potions of heal wounds
 p - 2 potions of brilliance
 s - 2 potions of flight
 t - 3 potions of might
 u - 3 potions of attraction
 z - 3 potions of curing
 C - 3 potions of degeneration {unknown}
 H - 2 potions of ambrosia {unknown}


   Skills:
 - Level 12.0 Fighting
 - Level 4.0 Maces & Flails
 - Level 10.0 Armour
 * Level 10.0 Dodging
 - Level 3.0 Stealth
 - Level 4.0 Shields
 * Level 8.2 Spellcasting
 * Level 14.4 Summonings
 - Level 3.0 Translocations
 - Level 2.0 Air Magic
 - Level 3.0 Evocations


You had 13 spell levels left.
You knew the following spells:

 Your Spells              Type           Power      Damage    Failure   Level
a - Summon Small Mammal   Summ           100%       N/A       1%          1
b - Call Imp              Summ           66%        N/A       1%          2
c - Call Canine Familiar  Summ           66%        N/A       1%          3
d - Summon Lightning Spi  Summ/Air       47%        N/A       2%          4
e - Summon Forest         Summ/Tloc      24%        N/A       5%          5

Your spell library contained the following spells:

 Spells                   Type           Power      Damage    Failure   Level
 Summon Guardian Golem    Hex/Summ       42%        N/A       1%          3
 Animate Armour           Summ/Erth      84%        N/A       3%          4
 Foxfire                  Conj/Fire      36%        2x1d5     7%          1
 Pain                     Necr           36%        1d5       7%          1
 Ensorcelled Hibernation  Hex/Ice        18%        N/A       11%         2
 Summon Hydra             Summ           33%        N/A       16%         7
 Confusing Touch          Hex            9%         N/A       21%         3
 Conjure Flame            Conj/Fire      9%         6-21      21%         3
 Dazzling Flash           Conj/Hex       18%        N/A       21%         3
 Inner Flame              Hex/Fire       9%         N/A       21%         3
 Spider Form              Tmut/Pois      9%         N/A       21%         3
 Stone Arrow              Conj/Erth      18%        3d8       21%         3
 Anguish                  Hex/Necr       4%         N/A       54%         4
 Flame Wave               Conj/Fire      9%         2d5       56%         4
 Silence                  Hex/Air        7%         N/A       77%         5
 Agony                    Necr           9%         N/A       88%         5
 Excruciating Wounds      Necr           4%         N/A       88%         5
 Yara's Violent Unravell  Hex/Tmut       4%         3d4       88%         5
 Eringya's Noxious Bog    Tmut/Pois      4%         N/A       100%        6
 Statue Form              Tmut/Erth      6%         N/A       100%        6
 Enfeeble                 Hex            4%         N/A       100%        7


Dungeon Overview and Level Annotations

Branches:
Dungeon (8/15)             Temple (1/1) D:6            Lair (6/6) D:8
  Swamp (0/4) Lair:4      Volcano (visited)
  Snake: Lair:2-4    Spider: Lair:2-4     Slime: Lair:5-6

Altars:
Cheibriados
Dithmenos
Fedhas
Kikubaaqudgha
Okawaru
Ru
Sif Muna
Vehumet
Zin
The Shining One

Shops:
D:4 [   D:6 *

Annotations:
D:3 Grinder, Robin
Lair:2 Erica, Sonja


Innate Abilities, Weirdness & Mutations

You are amphibious.
You cover ground slowly.
You can hop long distances.
You have an extended range of vision and can be seen from far away.


Message History

Confirm with . or Enter, or press ? or * to list all spells.
A beastly little devil appears in a puff of frigid air.
What are your orders? t - Croak!
Orders for allies: a - Attack new target. p - Attack previous target. r - Retreat! s - Stop attacking. g - Guard the area. f - Follow me.
Anything else - Cancel.
Gang up on whom?
Press: ? - help, Dir - move target, f/p - catoblepas
Aim: a catoblepas (almost dead, ally target) Attack!
The catoblepas breathes a plume of calcifying dust at you.
The blast of calcifying dust hits you.
The blast of calcifying dust hits your white imp!
Your white imp is engulfed in calcifying dust.
Your white imp is moving more slowly.
Found 14 arrows.
The catoblepas breathes a plume of calcifying dust at you.
The blast of calcifying dust hits you.
Unknown command.
Your white imp is engulfed in calcifying dust.
Your white imp stops moving altogether!
You hit the catoblepas but do no damage.
The catoblepas is almost dead.
Your white imp is engulfed in calcifying dust.
The catoblepas barely misses you.
You hit the catoblepas. You burn the catoblepas.
The catoblepas is almost dead.
Your white imp is engulfed in calcifying dust.
The catoblepas gores you!
* * * LOW HITPOINT WARNING * * *
Your white imp is engulfed in calcifying dust.
The catoblepas gores you!
* * * LOW HITPOINT WARNING * * *
As you read the scroll of fear, it crumbles to dust.
You assume a fearsome visage.
The catoblepas resists with some effort.
The catoblepas gores you!!
You die...

#P. #..# #..h..## ..
#. ##.. ###....# #
... #.....#
#......+...##
.....###....# #+.
#... #.....##....
###. ##....#.....
.P..(##.5.Y...#P..P
...........@........
#.#.####ยง####..##...
### ###


You could see a catoblepas (ally target), a friendly wolf (summoned) and a
friendly white imp (summoned, petrified).

Vanquished Creatures
  An ogre mage (Volcano)
  A manticore (D:7)
  2 black mambas (Lair:1)
  2 cane toads (Lair:6)
  5 komodo dragons
  A blink frog (Lair:3)
  2 wyverns
  12 yaks
  A steam dragon (D:8)
  4 water moccasins
  A black bear (D:6)
  2 ice beasts
  A necrophage (D:5)
  A sky beast (D:8)
  2 ogres (D:5)
  4 wolves
  A phantom (D:5)
  4 bullfrogs
  4 scorpions
  A wyvern zombie (D:8)
  A water moccasin zombie (D:6)
  2 centaur zombies
  A hound (D:6)
  A jelly (D:4)
  A bullfrog skeleton (D:5)
  A centaur skeleton (D:6)
  A hell rat (Lair:4)
  3 iguanas (D:6)
  2 orc wizards (D:5)
  A hound skeleton (D:4)
  4 adders
  A worm (D:2)
  A dart slug (D:5)
  3 orcs (D:5)
  2 endoplasms
  2 giant cockroaches
  2 hobgoblins (D:3)
  2 jackals (D:5)
  10 kobolds
  3 quokkas
  A frilled lizard (D:3)
  8 goblins
  2 rats
107 creatures vanquished.

Vanquished Creatures (collateral kills)
  Josephine (Lair:4)
  5 hydras
  7 two-headed ogres
  A hell knight (Volcano)
  2 black mambas
  8 cane toads
  4 komodo dragons
  8 blink frogs (Lair:3)
  A hornet (D:8)
  2 wyverns (D:8)
  11 yaks
  4 wraiths
  A basilisk (Lair:1)
  2 steam dragons
  8 water moccasins
  5 black bears
  3 ogres
  2 wolves (Lair:5)
  2 kobold brigands (D:8)
  3 bullfrogs
  A scorpion (D:5)
  An electric eel (Lair:3)
  A hound (D:6)
  A jelly (D:5)
  Crazy Yiuf (D:3)
  8 hell rats
  2 adders
  A worm (D:4)
  An orc (D:5)
  An endoplasm (D:1)
  A giant cockroach (D:1)
  5 goblins
  3 hobgoblins
  A quokka (D:1)
  A ball python (D:2)
  2 bats (D:2)
  8 kobolds
119 creatures vanquished.

Vanquished Creatures (others)
  20 fungi
  31 plants
51 creatures vanquished.

Grand Total: 277 creatures vanquished

Notes
Turn   | Place    | Note
-------+----------+-------------------------------------------
     0 | D:1      | Lutefisk the Barachi Summoner began the quest for the Orb.
     0 | D:1      | Reached XP level 1. HP: 13/13 MP: 3/3
    19 | D:1      | Reached skill level 5 in Summonings
   137 | D:1      | Reached XP level 2. HP: 14/20 MP: 3/5
   167 | D:1      | Reached skill level 1 in Fighting
   347 | D:2      | Found an iron altar of Okawaru.
   357 | D:2      | Reached XP level 3. HP: 21/28 MP: 4/6
   603 | D:3      | Noticed Robin
   622 | D:3      | Reached skill level 1 in Evocations
   641 | D:3      | Noticed Grinder
   729 | D:2      | Found a faded altar of an unknown god.
   875 | D:3      | Reached XP level 4. HP: 37/37 MP: 7/7
   928 | D:3      | Found a runed translucent door.
   929 | D:3      | Noticed Crazy Yiuf
   963 | D:3      | Killed Crazy Yiuf
   990 | D:3      | Identified the +10 mace of Irritation {flame, rElec Int+6}
  1064 | D:4      | Learned a level 2 spell: Call Imp
  1068 | D:4      | Learned a level 3 spell: Call Canine Familiar
  1113 | D:4      | Reached XP level 5. HP: 35/43 MP: 0/8
  1196 | D:4      | Found Kusuon's Armour Emporium.
  1419 | D:5      | Entered Level 5 of the Dungeon
  1419 | D:5      | Noticed a two-headed ogre
  1467 | D:5      | Reached skill level 1 in Maces & Flails
  1470 | D:5      | Reached skill level 5 in Fighting
  1470 | D:5      | Reached skill level 6 in Summonings
  1470 | D:5      | Reached XP level 6. HP: 45/51 MP: 5/9
  1511 | D:5      | Noticed a necrophage
  1525 | D:5      | Killed a necrophage
  1544 | D:5      | Noticed a water moccasin
  1574 | D:5      | Reached skill level 7 in Summonings
  1574 | D:5      | Reached XP level 7. HP: 29/56 MP: 3/10
  1637 | D:5      | Reached skill level 8 in Summonings
  1665 | D:5      | Reached skill level 1 in Armour
  1665 | D:5      | Reached XP level 8. HP: 32/64 MP: 0/11
  1756 | D:5      | Killed a two-headed ogre
  1762 | D:5      | Reached XP level 9. HP: 47/74 MP: 6/13
  1921 | D:5      | You fall into a shaft and drop 1 floor!
  1957 | D:6      | Found a staircase to the Ecumenical Temple.
  1966 | Temple   | Entered the Ecumenical Temple
  1979 | Temple   | Became a worshipper of Sif Muna the Loreminder
  2141 | D:6      | Reached skill level 9 in Summonings
  2374 | D:6      | Reached skill level 10 in Summonings
  2393 | D:6      | Found Zaecw's General Store.
  2429 | D:7      | Noticed a manticore
  2686 | D:7      | HP: 3/74 [manticore (9)]
  2687 | D:7      | Killed a manticore
  2688 | D:7      | Reached skill level 5 in Spellcasting
  2797 | D:7      | Reached XP level 10. HP: 17/84 MP: 15/17
  3147 | D:8      | Reached skill level 10 in Fighting
  3320 | D:8      | Reached * piety under Sif Muna
  3326 | D:8      | Reached skill level 5 in Armour
  3482 | D:8      | Reached skill level 5 in Dodging
  3548 | D:8      | Found a staircase to the Lair.
  3585 | Lair:1   | Entered Level 1 of the Lair of Beasts
  3595 | Lair:1   | Reached skill level 1 in Shields
  3605 | Lair:1   | Learned a level 4 spell: Summon Lightning Spire
  3728 | Lair:1   | Reached skill level 1 in Air Magic
  3826 | Lair:2   | Noticed a black mamba
  3839 | Lair:1   | Killed a black mamba
  3846 | Lair:1   | Noticed a black mamba
  3854 | Lair:1   | Killed a black mamba
  3855 | Lair:1   | Reached XP level 11. HP: 33/90 MP: 13/18
  3857 | Lair:1   | Reached skill level 11 in Summonings
  4248 | Lair:2   | Noticed Erica
  4338 | Lair:2   | Noticed Sonja
  4375 | Lair:3   | HP: 1/90 [komodo dragon (24)]
  4376 | Lair:3   | Noticed a six-headed hydra
  4913 | Lair:3   | Reached skill level 12 in Summonings
  4922 | Lair:3   | Reached ** piety under Sif Muna
  4957 | Lair:3   | HP: 4/92 [poisoned by a cane toad]
  5047 | Lair:3   | Killed a six-headed hydra
  5131 | Lair:3   | Learned a level 5 spell: Summon Forest
  5144 | Lair:3   | Reached skill level 13 in Summonings
  5144 | Lair:3   | Reached skill level 1 in Translocations
  5324 | Lair:3   | Noticed a six-headed hydra
  5351 | Lair:3   | Killed a six-headed hydra
  5382 | Lair:3   | HP: 2/92 [komodo dragon (28)]
  5773 | Lair:3   | Reached XP level 12. HP: 77/100 MP: 15/21
  5894 | Lair:4   | Noticed Josephine
  6235 | Lair:4   | Found a staircase to the Swamp.
  6250 | Lair:4   | Killed Josephine
  6251 | Lair:4   | Reached skill level 10 in Armour
  6274 | Lair:4   | Noticed a five-headed hydra
  6283 | Lair:4   | Killed a five-headed hydra
  6565 | Lair:5   | Found a dark tunnel.
  6574 | Volcano  | Entered a volcano
  6730 | Volcano  | Noticed an ogre mage
  6756 | Volcano  | Paralysed by something for 4 turns
  6771 | Volcano  | Paralysed by something for 6 turns
  6787 | Volcano  | Paralysed by something for 3 turns
  6795 | Volcano  | Paralysed by something for 3 turns
  6807 | Volcano  | Paralysed by something for 5 turns
  6836 | Volcano  | Killed an ogre mage
  6840 | Volcano  | Found a radiant altar of Vehumet.
  6841 | Volcano  | Noticed a hell knight
  6842 | Volcano  | Noticed a two-headed ogre
  6845 | Volcano  | Noticed a two-headed ogre
  6852 | Volcano  | Killed a two-headed ogre
  6861 | Volcano  | Killed a two-headed ogre
  6954 | Volcano  | Noticed a two-headed ogre
  6967 | Volcano  | Noticed a two-headed ogre
  6973 | Volcano  | Noticed a two-headed ogre
  6991 | Volcano  | Killed a two-headed ogre
  7071 | Volcano  | Noticed a two-headed ogre
  7084 | Volcano  | Killed a two-headed ogre
  7085 | Volcano  | Reached skill level 10 in Dodging
  7091 | Volcano  | Killed a two-headed ogre
  7091 | Volcano  | Reached *** piety under Sif Muna
  7212 | Volcano  | Killed a hell knight
  7269 | Volcano  | Killed a two-headed ogre
  7406 | Lair:5   | Gained mutation: You can hop long distances. [Barachi
                  | growth]
  7406 | Lair:5   | Reached XP level 13. HP: 107/107 MP: 25/25
  7479 | Lair:5   | Got the Guide on Stones
  7536 | Lair:6   | Entered Level 6 of the Lair of Beasts
  7662 | Lair:6   | Reached skill level 14 in Summonings
  7836 | Lair:6   | Slain by a catoblepas

Illustrated notes

Levels and vault maps discovered:
D:1:      scummos_arrival_checkerplants, layout_loops_ring,
          minmay_shallow_snake_nest
D:2:      layout_loops_ring, basic_altar, dilly_ecumenical_altar_fadedgnrine
D:3:      layout_basic, serial_shops, shop, minmay_quantized, uniq_grinder,
          uniq_robin, uniq_sigmund, uniq_crazy_yiuf_cottage
D:4:      layout_gridville, serial_shops, nicolae_shop_statue_plus
D:5:      layout_basic, minmay_joined_circles
D:6:      layout_cave_pools, minmay_temple_entry_poolview, serial_shops,
          kennysheep_mini_moat, minmay_tree_intersection
D:7:      layout_loops_ring, serial_glass, glass_columns_a, glass_columns_a,
          due_unseen_surprise, feat_on_display
D:8:      layout_loops_corners, minmay_lair_entry_grove
Temple:   compressed_dpeg_circular_temple
Lair:1:   layout_cave_pods
Lair:2:   layout_roguey, spider_nest_entry_rubble, grunt_megastairs_1,
          uniq_fannar, uniq_sonja, uniq_erica
Lair:3:   layout_gridlike, grunt_megastairs_2, lemuel_fruit_fields
Lair:4:   layout_regular_city, swamp_mist, chequers_serial_rivers_large_b,
          lemuel_fruit_fields, uniq_rupert, uniq_josephine
Lair:5:   layout_hall_layers, lightli_volcano_entry_magma_tube
Lair:6:   grunt_lair_end_beastmaster, layout_regular_city,
          dpeg_slime_entry_enclosed_altar

Skill      XL: |  1  2  3  4  5  6  7  8  9 10 11 12 13 |
---------------+----------------------------------------+-----
Summonings     | 5 6 7 8 10 13 14 | 14.4
Stealth        | 2 3 |  3.0
Fighting       | 2 3 4 5 6 7 9 10 11 12 | 12.0
Evocations     | 1 2 3 |  3.0
Maces & Flails | 1 2 4 |  4.0
Armour         | 1 4 8 10 | 10.0
Dodging        | 4 6 7 10 | 10.0
Spellcasting   | 3 5 6 8 |  8.2
Shields        | 2 4 |  4.0
Air Magic      | 2 |  2.0
Translocations | 3 |  3.0

Action                   |  1- 3 |  4- 6 |  7- 9 | 10-12 | 13-15 || total
-------------------------+-------+-------+-------+-------+-------++-------
Melee: Dagger            |    33 |       |       |       |       ||    33
       Unarmed           |     2 |       |       |       |       ||     2
       Mace              |       |    35 |    71 |   154 |    23 ||   283
       Punch             |       |     1 |       |     2 |     1 ||     4
 Fire: Hunting sling     |    46 |     1 |       |     6 |       ||    53
Throw: Dart              |       |       |     4 |    34 |       ||    38
 Cast: Summon Small Mamm |    32 |    25 |    24 |    41 |     6 ||   128
       Call Imp          |       |     1 |     5 |    22 |     4 ||    32
       Call Canine Famil |       |     2 |    10 |    41 |    11 ||    64
       Summon Lightning  |       |       |       |    39 |    13 ||    52
       Summon Forest     |       |       |       |     1 |     1 ||     2
 Abil: Hop               |       |       |     2 |     8 |     1 ||    11
Evoke: Wand              |       |       |     4 |     2 |       ||     6
  Use: Scroll            |       |       |     2 |    12 |     1 ||    15
       Potion            |       |       |     2 |       |       ||     2
 Stab: Sleeping          |       |     1 |     1 |     2 |       ||     4
       Distracted        |       |       |       |     8 |       ||     8
Armor: Robe              |    17 |     4 |    13 |    29 |     4 ||    67
Dodge: Dodged            |    60 |    26 |    44 |   153 |    12 ||   295
Block: Other             |       |       |    11 |    18 |       ||    29
       Reflection        |       |       |       |     2 |       ||     2
